 Dungeon Sprint DCSS version 0.29-a0-1027-gcd8c55af63 (webtiles) character file.

Game seed: 11975060636283640387

239 mhtbhm the Unseen (level 5, -3/29 HPs)
             Began as a Spriggan Brigand on Aug 12, 2022.
             Was an Initiate of Dithmenos.
             Killed from afar by a deep elf pyromancer (32 damage)
             ... with a bolt of fire
             ... in the Dungeon (Sprint III: "The Ten Rune Challenge").
             The game lasted 00:01:05 (516 turns).

mhtbhm the Unseen (Spriggan Brigand)                 Turns: 516, Time: 00:01:05

Health: -3/29      AC:  3    Str:  7    XL:     5   Next: 79%
Magic:  7/7        EV: 18    Int: 13    God:    Dithmenos [......]
Gold:   60         SH:  0    Dex: 18    Spells: 4/4 levels left

rFire   . . .      SeeInvis +   a - +2 dagger
rCold   + . .      Faith    .   (no shield)
rNeg    . . .      Spirit   .   b - +0 robe {rC+}
rPois   .          Reflect  .   (helmet restricted)
rElec   .          Harm     .   c - +0 cloak
rCorr   .          Rampage  .   (gloves unavailable)
Will    .....      NoTele   +   (boots unavailable)
Stlth   ++++++....              (no amulet)
HPRegen 0.09/turn               (no ring)
MPRegen 0.10/turn               (no ring)

@: very quick
A: very small, no large weapons, unfitting armour, see invisible, speed 3
a: Renounce Religion


You were in the Dungeon.
You worshipped Dithmenos.
Dithmenos was noncommittal.
You visited 1 branch You collected 60 gold pieces.

Inventory:

Hand Weapons
 a - a +2 dagger (weapon)
Missiles
 d - 9 poisoned darts
 e - 2 curare-tipped darts (quivered)
Armour
 b - a +0 robe of cold resistance (worn)
 c - a +0 cloak (worn)
Scrolls
 k - a scroll of blinking
 m - a scroll of poison {unknown}
 n - 2 scrolls of identify {unknown}
 p - a scroll of immolation {unknown}
Potions
 f - a potion of curing
 g - a potion of heal wounds
 h - a potion of haste
 i - 2 potions of magic
 j - a potion of berserk rage
 l - 5 potions of mutation {unknown}
 o - a potion of degeneration {unknown}
 q - a potion of flight {unknown}


   Skills:
 + Level 3.7 Fighting
 + Level 4.5 Short Blades
 + Level 4.6 Throwing
 + Level 3.4 Dodging
 + Level 15.1 Stealth
 * Level 1.3 Invocations


You had 4 spell levels left.
You didn't know any spells.
Your spell library contained the following spells:

 Spells                   Type           Power      Damage    Failure   Level
 Magic Dart               Conj           0%         1d3       30%         1
 Call Imp                 Summ           0%         N/A       43%         2
 Mephitic Cloud           Conj/Pois/Air  0%         N/A       67%         3


Dungeon Overview and Level Annotations

Branches:
Dungeon (1/1)

Altars:
Dithmenos
Elyvilon
Kikubaaqudgha
Ru
Sif Muna
Vehumet
Yredelemnul
Zin
The Shining One


Innate Abilities, Weirdness & Mutations

You are very small and have problems with some larger weapons.
You are too small for most types of armour.
You have supernaturally acute eyesight. (SInv)
You cover ground extremely quickly. (Speed+++)


Message History

Press < or > to pray at altars.
There is an open door here.
There is a fountain of clear blue water here.
You open the door.
Found a radiant altar of Vehumet.
A wizard and a kobold demonologist come into view.
Found a book of Minor Magic and 10 gold pieces.
Found two altars.
There is an open door here.
The helpless wizard fails to defend itself.
You skewer the wizard like a kebab!!!!
You kill the wizard!
Dithmenos accepts your kill.
Your Invocations skill increases to level 1!
Things that are here:
a +0 dagger; a +0 robe; a book of Minor Magic The helpless kobold demonologist fails to defend itself.
You stick the kobold demonologist like a pincushion!!!!
You kill the kobold demonologist!
Dithmenos accepts your kill.
Your Stealth skill increases to level 15!
Unknown command.
You now have 60 gold pieces (gained 10).
Things that are here:
a +0 dagger; a +0 robe You pick up a book of Minor Magic and begin reading...
You add the spells Magic Dart, Call Imp and Mephitic Cloud to your library.
Things that are here:
a +0 dagger; a +0 robe
There is an open door here.
You open the door.
Found a glowing silver altar of Zin.
A deep elf pyromancer comes into view.
It is wielding a +1 long sword of holy wrath.
Found a potion of heal wounds.
Found two altars.
There is an open door here.
The deep elf pyromancer shouts!
The deep elf pyromancer casts a spell at you.
The bolt of fire hits you!!
Ouch! That really hurt!
You die...

▓▓▓▓▓ ▓▓▓ #...####
##.##### ####
#......#####..#___# #__#
#.......#..#..#e@.# #._#
##.##..[#..#..###'#+###'##
##.###..##'#..#..........#
###.##..###...'.⌠........#
#..##..####...#...######+#
...##..###....#.⌠.#
..##...##.....#...#
.##....#......#'###
###..##.#.....#.))#


You could see a deep elf pyromancer.

Vanquished Creatures
  A necrophage (D)
  A water elemental (D)
  Jessica (D)
  A wizard (D)
  A necromancer (D)
  A human (D)
  A kobold demonologist (D)
  A phantom (D)
  An endoplasm (D)
  A rat (D)
10 creatures vanquished.

Notes
Turn   | Place    | Note
-------+----------+-------------------------------------------
     0 | D        | mhtbhm the Spriggan Brigand began the quest for the Orb.
     0 | D        | Reached XP level 1. HP: 10/10 MP: 2/2
    10 | D        | Reached skill level 6 in Stealth
    54 | D        | Noticed Jessica
    60 | D        | Killed Jessica
    61 | D        | Reached skill level 9 in Stealth
    61 | D        | Reached XP level 2. HP: 15/15 MP: 3/3
   121 | D        | Reached skill level 10 in Stealth
   121 | D        | Reached XP level 3. HP: 13/19 MP: 4/4
   462 | D        | Noticed a water elemental
   465 | D        | Killed a water elemental
   466 | D        | Reached skill level 12 in Stealth
   466 | D        | Reached XP level 4. HP: 23/23 MP: 5/5
   476 | D        | Found a shadowy altar of Dithmenos.
   476 | D        | Noticed a necrophage
   477 | D        | Found a basalt altar of Yredelemnul.
   477 | D        | Found a sacrificial altar of Ru.
   479 | D        | Reached skill level 13 in Stealth
   480 | D        | Killed a necrophage
   481 | D        | Reached skill level 14 in Stealth
   481 | D        | Reached XP level 5. HP: 28/28 MP: 6/6
   484 | D        | Became a worshipper of Dithmenos the Shadowed
   497 | D        | Found a radiant altar of Vehumet.
   498 | D        | Found a shimmering blue altar of Sif Muna.
   498 | D        | Found an ancient bone altar of Kikubaaqudgha.
   500 | D        | Reached skill level 1 in Invocations
   502 | D        | Reached skill level 15 in Stealth
   514 | D        | Found a glowing silver altar of Zin.
   515 | D        | Found a glowing golden altar of the Shining One.
   515 | D        | Found a white marble altar of Elyvilon.
   515 | D        | Noticed a deep elf pyromancer
   516 | D        | Killed from afar by a deep elf pyromancer

Illustrated notes

Levels and vault maps discovered:
D:        dungeon_sprint_mu [sprint_mu_entry_cave, sprint_mu_temple_rooms,
          sprint_mu_d1_spiders, sprint_mu_d2_genie, sprint_mu_d3_branching,
          sprint_mu_orc_legion, sprint_mu_elf_gauntlet, sprint_mu_hive_nellie,
          sprint_mu_lair_fedhas, sprint_mu_vaults_butterflies,
          sprint_mu_slime_circle, sprint_mu_shoals_archi,
          sprint_mu_snake_twists, sprint_mu_blade_basic, sprint_mu_crypt_lich,
          sprint_mu_tomb_spiral, sprint_mu_vestibule_basic,
          sprint_mu_gehenna_hellfire, sprint_mu_dis_giant,
          sprint_mu_tartarus_statrot, sprint_mu_cocytus_islands, sprint_mu_zot1]

Skill      XL: |  1  2  3  4  5 |
---------------+----------------+-----
Stealth        | 9 10 12 14 15 | 15.1
Fighting       | 2 3 |  3.7
Short Blades   | 3 4 |  4.5
Dodging        | 2 3 |  3.4
Throwing       | 3 4 |  4.6
Invocations    | 1 |  1.3

Action                   |  1- 3 |  4- 6 || total
-------------------------+-------+-------++-------
Melee: Dagger            |    19 |     4 ||    23
Throw: Dart              |    11 |       ||    11
 Stab: Sleeping          |     3 |     4 ||     7
       Distracted        |     1 |       ||     1
Dodge: Dodged            |     8 |       ||     8

Table legend: (Time is in decaauts)
 A = Elapsed time spent in this place.
 B = Non-inter-level travel time spent in this place.
 C = Inter-level travel time spent in this place.
 D = Time resting spent in this place.
 E = Time spent auto-exploring this place.
 F = Levels seen in this place.
 G = Mean time per level.
                   A        B        C        D        E       F      G
               +--------+--------+--------+--------+--------+-----+--------+
         Total |    439 |    439 |      0 |    239 |     54 |   1 |  439.0 |
       Dungeon |    439 |    439 |      0 |    239 |     54 |   1 |  439.0 |
               +--------+--------+--------+--------+--------+-----+--------+

Top non-repeatable levels by time:
       D: 439 daAuts
